 Dungeon Crawl Stone Soup version 0.18-a0-1044-g2bb894f (console) character file.

800 FIQ the Spear-Bearer (level 7, -4/56 HPs)
             Began as a Merfolk Gladiator on Jan 11, 2016.
             Killed from afar by an orc wizard (19 damage)
             ... with a puff of frost
             ... on level 5 of the Dungeon.
             The game lasted 00:09:25 (4191 turns).

FIQ the Spear-Bearer (Merfolk Gladiator)            Turns: 4191, Time: 00:09:25

Health: -4/56      AC:  6    Str: 22    XL:     7   Next: 90%
Magic:  7/7        EV: 16    Int:  7    God:
Gold:   224        SH:  0    Dex: 16    Spells: 0 memorised, 6 levels left

rFire  + . .     SeeInvis .     a - +1 trident
rCold  x . .     Gourm    .     b - +0 leather armour
rNeg   . . .     Faith    .     (no shield)
rPois  .         Spirit   .     c - +0 helmet
rElec  .         Dismiss  .     m - +1 cloak
rCorr  .         Reflect  .     (no gloves)
SustAt .         Harm     .     (no boots)
MR     .....                    (no amulet)
Stlth  +.........               u - +6 ring of strength
                                o - ring of fire

@: not resistant to hostile enchantments, very unstealthy
A: change form in water, swift swim
a: no special abilities


You were on level 5 of the Dungeon.
You were near starving.

You visited 1 branch of the dungeon, and saw 5 of its levels.
You also visited: Sewer.

You collected 224 gold pieces.

Inventory:

Hand Weapons
 a - a +1 trident (weapon)
 g - a -1 spear
Missiles
 d - 3 throwing nets (quivered)
Armour
 b - a +0 leather armour (worn)
 c - a +0 helmet (worn)
 m - a +1 cloak (worn)
Jewellery
 o - a ring of fire (left hand)
 u - a +6 ring of strength (right hand)
Scrolls
 h - 3 scrolls of remove curse
 i - a scroll of enchant armour
 j - 2 scrolls of identify
 k - a scroll of noise
 l - 3 scrolls of enchant weapon
 s - 4 scrolls of teleportation
 t - 2 scrolls of blinking
 y - a scroll of magic mapping {unknown}
 A - a scroll of random uselessness {unknown}
 B - a scroll of immolation {unknown}
Potions
 e - 3 potions of haste
 n - a potion of heal wounds
 p - 2 potions of flight
 r - a potion of brilliance
 x - 2 potions of might
 C - a potion of curing
Comestibles
 f - 3 bread rations
 q - 3 meat rations
 v - a royal jelly


   Skills:
 + Level 5.2 Fighting
 * Level 9.8 Polearms
 - Level 2.0 Throwing
 + Level 6.5 Dodging


You had 6 spell levels left.
You didn't know any spells.

Dungeon Overview and Level Annotations

Branches:
Dungeon (5/15)
 Temple: D:4-7

Altars:
Qazlal
Yredelemnul
The Shining One


Message History

There isn't anything to butcher here.
There isn't anything to butcher here.
There isn't anything to butcher here.
You hear some strange, mumbled words.
A puff of frost appears from out of thin air!
The puff of frost hits you!
You feel a terrible chill!
* * * LOW HITPOINT WARNING * * *
Something closely misses you.
You see here a scroll of remove curse.
You hit something but do no damage. Something hits you but does no damage.
You puncture something! Something hits you but does no damage.
Something barely misses you.
You puncture something!
Reactivating autopickup.
You feel a bit more experienced. Something barely misses you.
Something hits you but does no damage.
Deactivating autopickup; reactivate with Ctrl-A.
You hit something but do no damage.
You hear some strange, mumbled words.
A puff of frost appears from out of thin air!
The puff of frost hits you!
You feel a terrible chill!
You die...

# ######### .#..
........####.....
###^.....<.......
##.......^........
##...@)............
#...^%{............
#^(.....)..........
#....^..).^......####
#....^...........#
##...............#
#...............#
##...^^.^.......#
#...^.....^...##
##^.......^...#


There were no monsters in sight!

Vanquished Creatures
  Menkaure (D:4)
  The ghost of kinazarov the Magician, an amateur DEWz (D:4)
  An ice beast (D:4)
  2 big kobolds (Sewer)
  A giant frog (D:4)
  A hound (D:3)
  Ijyb (D:2)
  2 orc wizards (D:5)
  Robin (D:3)
  3 adders (Sewer)
  2 river rats (Sewer)
  An ooze (Sewer)
  3 worms
  8 giant geckos
  6 orcs
  4 giant cockroaches
  21 goblins
  12 hobgoblins
  2 jackals (D:3)
  8 kobolds
  7 ball pythons
  5 bats
  7 giant newts
  7 rats
107 creatures vanquished.

Notes
Turn   | Place    | Note
--------------------------------------------------------------
     0 | D:1      | FIQ the Merfolk Gladiator began the quest for the Orb.
     0 | D:1      | Reached XP level 1. HP: 16/16 MP: 1/1
   327 | D:1      | Reached skill level 5 in Polearms
   327 | D:1      | Reached XP level 2. HP: 23/23 MP: 2/2
   695 | D:2      | Noticed Ijyb
   707 | D:2      | Killed Ijyb
   707 | D:2      | Reached XP level 3. HP: 28/28 MP: 3/3
  1070 | D:2      | Found a glowing golden altar of the Shining One.
  1078 | D:2      | Reached skill level 6 in Polearms
  1297 | D:3      | Noticed Robin
  1313 | D:3      | Reached XP level 4. HP: 29/34 MP: 4/4
  1332 | D:3      | Killed Robin
  1604 | D:3      | Found a stormy altar of Qazlal.
  2069 | D:3      | Reached XP level 5. HP: 41/41 MP: 5/5
  2468 | D:4      | Found a glowing drain.
  2473 | Sewer    | Entered a sewer
  2486 | Sewer    | Reached skill level 7 in Polearms
  2486 | Sewer    | Reached skill level 5 in Dodging
  2511 | Sewer    | HP: 1/41 [river rat (5)]
  3023 | Sewer    | Reached XP level 6. HP: 48/48 MP: 6/6
  3062 | Sewer    | Reached skill level 8 in Polearms
  3184 | D:4      | Noticed Menkaure
  3201 | D:4      | Killed Menkaure
  3201 | D:4      | Reached XP level 7. HP: 39/55 MP: 7/7
  3253 | D:4      | Found a basalt altar of Yredelemnul.
  3439 | D:4      | Reached skill level 9 in Polearms
  3692 | D:4      | Reached skill level 5 in Fighting
  3702 | D:4      | Noticed kinazarov's ghost (amateur DEWz)
  3761 | D:4      | Killed kinazarov's ghost
  4163 | D:5      | Entered Level 5 of the Dungeon
  4191 | D:5      | Killed from afar by an orc wizard

Vault maps used:
D:1:      lightli_arrival_statuegarden
D:2:      lemuel_doored_altar, glass_columns_c, uniq_iyjb
D:3:      grunt_qazlal_clouds, uniq_robin
D:4:      kennysheep_mini_moat, gup_sewer_entry_bowl, first_bread, uniq_menkaure
D:5:      lightli_temple_of_fire, minitemple, hangedman_decor_diamond_cutter,
          minmay_holes, kennysheep_small_spiral
Sewer:    sewer_co_15_rooms

Action                   |  1- 3 |  4- 6 |  7- 9 || total
-------------------------+-------+-------+-------++-------
Melee: Trident           |   106 |   241 |    85 ||   432
  Use: Scroll            |     3 |     7 |       ||    10
       Potion            |       |       |     7 ||     7
 Stab: Sleeping          |     2 |     3 |       ||     5
  Eat: Chunk             |     1 |     7 |     1 ||     9
